 Dungeon Sprint DCSS version 0.23.2-1-ga50397a (webtiles) character file.

Game seed: 6065378158468482885

158 doot the Thaumaturge (level 5, -5/28 HPs)
             Began as a Deep Elf Wizard on May 5, 2019.
             Slain by a chaos spawn (16 damage)
             ... summoned by a kobold demonologist
             ... in the Dungeon (Sprint III: "The Ten Rune Challenge").
             The game lasted 00:03:27 (530 turns).

doot the Thaumaturge (Deep Elf Wizard)               Turns: 530, Time: 00:03:28

Health: -5/28      AC:  3    Str:  6    XL:     5   Next: 16%
Magic:  0/21       EV: 16    Int: 24    God:
Gold:   25         SH:  0    Dex: 13    Spells: 14/27 levels left

rFire    . . .     SeeInvis .   (no weapon)
rCold    . . .     Gourm    .   (no shield)
rNeg     . . .     Faith    .   a - +0 robe
rPois    .         Spirit   .   b - +0 hat
rElec    .         Reflect  .   (no cloak)
rCorr    .         Harm     .   (no gloves)
MR       .....     NoTele   +   (no boots)
Stlth    +++.......             (no amulet)
HPRegen  0.09/turn              (no ring)
MPRegen  0.17/turn              (no ring)

@: very slightly contaminated
A: repulsion field 1, rugged brown scales 1, blurry vision 1, strong 1, wild
magic 1
a: no special abilities


You were in the Dungeon.
You were not hungry.

You visited 1 branch You collected 25 gold pieces.

Inventory:

Armour
 a - a +0 robe (worn)
 b - a +0 hat (worn)
Scrolls
 c - 2 scrolls of immolation {unknown}
 e - 2 scrolls of remove curse
 j - a scroll of blinking
 k - 5 scrolls of identify
Potions
 f - 3 potions of heal wounds
 g - a potion of haste
 h - 2 potions of magic
 i - a potion of berserk rage
 l - a potion of flight {unknown}
 m - a potion of mutation
Comestibles
 d - 3 rations


   Skills:
 + Level 0.1 Fighting
 + Level 4.8 Dodging
 + Level 4.3 Stealth
 + Level 11.9 Spellcasting
 + Level 3.5 Conjurations
 + Level 1.2 Summonings
 + Level 1.2 Translocations
 + Level 0.5 Fire Magic
 + Level 0.2 Poison Magic


You had 14 spell levels left.
You knew the following spells:

 Your Spells              Type           Power        Failure   Level  Hunger
a - Magic Dart            Conj           ####         2%          1    None
b - Blink                 Tloc           N/A          6%          2    None
c - Call Imp              Summ           ####....     7%          2    None
d - Slow                  Hex            ###.....     11%         2    None
e - Conjure Flame         Conj/Fire      ####....     9%          3    None
f - Mephitic Cloud        Conj/Pois/Air  ####....     12%         3    None

Your spell library contained the following spells:

 Spells                   Type           Power        Failure   Level  Hunger


Dungeon Overview and Level Annotations

Branches:
Dungeon (1/1)

Altars:
Kikubaaqudgha
Sif Muna
Vehumet


Innate Abilities, Weirdness & Mutations

You are surrounded by a mild repulsion field. (EV +2)
You are partially covered in rugged brown scales. (AC +1, +3% HP)
Scrolls take you a little longer to read.
Your muscles are strong. (Str +2)
Your spells are a little harder to cast, but a little more powerful.


Message History

The kobold demonologist gestures wildly while chanting.
The chaos spawn misses you.
Casting: Magic Dart (safe; 2% risk of failure)
Confirm with . or Enter, or press ? or * to list all spells.
Aiming: Magic Dart (safe; 2% risk of failure)
Press: ? - help, Shift-Dir - straight line, f/p - kobold demonologist
Aim: a kobold demonologist, wielding a +0 dagger and wearing a +0 robe The magic dart hits the kobold demonologist.
The kobold demonologist is moderately wounded.
The crimson imp hits you. The shadow imp hits you. The chaos spawn misses you.
Casting: Magic Dart (safe; 2% risk of failure)
Confirm with . or Enter, or press ? or * to list all spells.
Aiming: Magic Dart (safe; 2% risk of failure)
Press: ? - help, Shift-Dir - straight line, f/p - kobold demonologist
Aim: a kobold demonologist, wielding a +0 dagger and wearing a +0 robe (moderately wounded)
The magic dart hits the kobold demonologist but does no damage.
The kobold demonologist is moderately wounded.
The crimson imp hits you. The chaos spawn gores you!
Ouch! That really hurt!
You die...

▓▓▓▓▓▓ ▓▓▓ .'...♣♣ ♣.#
.#....♣♣♣ ♣.# ##....♣.♣
♣.#
.#....≈.♣♣♣♣.###+#+###+#
.#...≈≈...♣♣.#..........
[#..≈≈≈≈♣..♣.'.⌠........
'#..≈≈≈≈≈≈...#.5.####
÷#.≈≈≈≈≈≈....#K4@#
.#.≈≈≈≈≈.....#)°5#
.#.≈≈≈.......#5###
##...........#.:K#
.............#___#
▓▓▓▓▓▓▓▓▓▓▓▓▓▓▓▓▓▓


You could see a kobold demonologist, a chaos spawn, 2 crimson imps and a shadow
imp.

Vanquished Creatures
  A water elemental (D)
  A scorpion (D)
  A wizard (D)
  A human (D)
  An ooze (D)
  3 rats (D)
8 creatures vanquished.

Vanquished Creatures (others)
  2 draconian scorchers (D)
  6 hellions (D)
  A yaktaur (D)
  A plant (D)
10 creatures vanquished.

Grand Total: 18 creatures vanquished

Notes
Turn   | Place    | Note
-------+----------+-------------------------------------------
     0 | D        | doot the Deep Elf Wizard began the quest for the Orb.
     0 | D        | Reached XP level 1. HP: 10/10 MP: 7/7
     3 | D        | Reached skill level 5 in Spellcasting
     8 | D        | Reached skill level 6 in Spellcasting
    88 | D        | Killed a hellion
    89 | D        | Killed a hellion
    97 | D        | Killed a hellion
    99 | D        | Killed a hellion
   100 | D        | Killed a hellion
   122 | D        | Killed a yaktaur
   152 | D        | Noticed a scorpion
   157 | D        | Killed a white draconian scorcher
   170 | D        | Killed a hellion
   172 | D        | Killed a scorpion
   172 | D        | Reached skill level 9 in Spellcasting
   172 | D        | Reached XP level 2. HP: 9/15 MP: 2/14
   172 | D        | Reached XP level 3. HP: 11/19 MP: 2/16
   180 | D        | Killed a white draconian scorcher
   368 | D        | Learned a level 2 spell: Blink
   371 | D        | Learned a level 2 spell: Call Imp
   374 | D        | Learned a level 2 spell: Slow
   378 | D        | Learned a level 3 spell: Conjure Flame
   382 | D        | Learned a level 3 spell: Mephitic Cloud
   410 | D        | Gained mutation: You have sharp toenails. [potion of
                  | mutation]
   410 | D        | Gained mutation: Your muscles are strong. (Str +2) [potion
                  | of mutation]
   410 | D        | Gained mutation: Your flesh is heat resistant. (rF+)
                  | [potion of mutation]
   411 | D        | Lost mutation: You have sharp toenails. [potion of
                  | mutation]
   411 | D        | Lost mutation: Your flesh is heat resistant. (rF+) [potion
                  | of mutation]
   411 | D        | Gained mutation: You have a pair of small horns on your
                  | head. [potion of mutation]
   411 | D        | Gained mutation: Scrolls take you a little longer to read.
                  | [potion of mutation]
   411 | D        | Gained mutation: Your muscles are very strong. (Str +4)
                  | [potion of mutation]
   412 | D        | Lost mutation: You have a pair of small horns on your head.
                  | [potion of mutation]
   412 | D        | Lost mutation: Your muscles are very strong. (Str +4)
                  | [potion of mutation]
   412 | D        | Gained mutation: You are surrounded by a mild repulsion
                  | field. (EV +2) [potion of mutation]
   412 | D        | Gained mutation: You are partially covered in rugged brown
                  | scales. (AC +1, +3% HP) [potion of mutation]
   412 | D        | Gained mutation: Your spells are a little harder to cast,
                  | but a little more powerful. [potion of mutation]
   453 | D        | Reached skill level 10 in Spellcasting
   453 | D        | Reached XP level 4. HP: 24/24 MP: 18/18
   468 | D        | Noticed a water elemental
   472 | D        | Killed a water elemental
   472 | D        | Reached skill level 11 in Spellcasting
   514 | D        | Found a radiant altar of Vehumet.
   515 | D        | Found a deep blue altar of Sif Muna.
   515 | D        | Found an ancient bone altar of Kikubaaqudgha.
   515 | D        | Noticed a wizard
   523 | D        | Noticed a chaos spawn
   524 | D        | Killed a wizard
   524 | D        | Reached XP level 5. HP: 28/28 MP: 6/21
   530 | D        | Slain by a chaos spawn

Skill      XL: |  1  2  3  4 |
---------------+-------------+-----
Spellcasting   | 9 10 11 | 11.9
Dodging        | 3 4 |  4.8
Stealth        | 3 4 |  4.3
Conjurations   | 2 3 |  3.5
Fighting       | |  0.1
Summonings     | |  1.2
Translocations | |  1.2
Fire Magic     | |  0.5
Poison Magic   | |  0.2

Action                   |  1- 3 |  4- 6 || total
-------------------------+-------+-------++-------
 Cast: Magic Dart        |    16 |     6 ||    22
       Mephitic Cloud    |     1 |     3 ||     4
       Conjure Flame     |       |     2 ||     2
       Blink             |       |     1 ||     1
  Use: Potion            |     4 |       ||     4
Dodge: Dodged            |     1 |     5 ||     6
